 Dungeon Crawl Stone Soup version 0.24.0-37-gcf1ca852f1 (webtiles) character file.

Game seed: 10319911837313448567, levelgen mode: deterministic

43 Cryoshakespeare the Firebug (level 3, -1/19 HPs)
             Began as a Vampire Fire Elementalist on Nov 23, 2019.
             Slain by an adder (3 damage)
             ... on level 2 of the Dungeon.
             The game lasted 00:03:31 (1693 turns).

Cryoshakespeare the Firebug (VpFE)                  Turns: 1693, Time: 00:03:32

Health: -1/19      AC:  2    Str:  5 (7)  XL:     3   Next: 37%
Magic:  0/6        EV: 12    Int: 16 (18) God:
Gold:   39         SH:  0    Dex: 12 (14) Spells: 5/6 levels left

rFire    . . .     SeeInvis +   (no weapon)
rCold    + + .     Gourm    .   (no shield)
rNeg     + + +     Faith    .   a - +0 robe
rPois    ∞         Spirit   .   (no helmet)
rElec    .         Reflect  .   (no cloak)
rCorr    .         Harm     .   (no gloves)
MR       .....                  (no boots)
Stlth    ++++......             (no amulet)
HPRegen  0.00/turn              (no ring)
MPRegen  0.10/turn              (no ring)

@: very slightly contaminated, bloodless
A: no food, fangs 3, see invisible, unbreathing
a: Bat Form, Revivify


You were on level 2 of the Dungeon.
You were bloodless.

You visited 1 branch of the dungeon, and saw 2 of its levels.

You collected 39 gold pieces.

Inventory:

Armour
 a - a +0 robe (worn)
Jewellery
 g - an uncursed ring of wizardry {unknown}
 j - an uncursed ring of flight {unknown}
Scrolls
 b - a scroll of teleportation {unknown}
 c - a scroll of remove curse {unknown}
 e - a scroll of immolation {unknown}
 i - a scroll of identify {unknown}
Potions
 d - a potion of mutation {unknown}
 f - a potion of heal wounds {unknown}
 h - a potion of agility {unknown}


   Skills:
 - Level 2.1 Dodging
 - Level 3.0 Stealth
 - Level 2.0 Spellcasting
 - Level 0.6 Conjurations
 + Level 3.7 Fire Magic


You had 5 spell levels left.
You knew the following spells:

 Your Spells              Type           Power        Failure   Level  Hunger
a - Flame Tongue          Conj/Fire      #....        9%          1    N/A

Your spell library contained the following spells:

 Spells                   Type           Power        Failure   Level  Hunger
 Throw Flame              Conj/Fire      #.....       13%         2    N/A
 Conjure Flame            Conj/Fire      #.......     26%         3    N/A
 Inner Flame              Hex/Fire       #.......     28%         3    N/A
 Sticky Flame             Conj/Fire      #.......     65%         4    N/A
 Fireball                 Conj/Fire      #.........   94%         5    N/A

Dungeon Overview and Level Annotations

Branches:
Dungeon (2/15)

Altars:


Innate Abilities, Weirdness & Mutations

You do not eat.
You do not regenerate when monsters are visible.
You are frail without blood (-20% HP).
You can heal yourself when you bite living creatures.
You are immune to poison.
You have razor-sharp teeth.
You have supernaturally acute eyesight. (SInv)
You can survive without breathing.


Message History

Confirm with . or Enter, or press ? or * to list all spells.
Aiming: Flame Tongue (safe; 9% risk of failure)
Press: ? - help, Shift-Dir - straight line, f/p - adder
Aim: an adder (severely wounded)
The flame tongue hits the adder.
The adder is almost dead.
The adder completely misses you.
Casting: Flame Tongue (safe; 9% risk of failure)
Confirm with . or Enter, or press ? or * to list all spells.
Aiming: Flame Tongue (safe; 9% risk of failure)
Press: ? - help, Shift-Dir - straight line, f/p - adder
Aim: an adder (severely wounded)
The flame tongue misses the adder.
The adder completely misses you.
Casting: Flame Tongue (safe; 9% risk of failure)
Confirm with . or Enter, or press ? or * to list all spells.
Aiming: Flame Tongue (safe; 9% risk of failure)
Press: ? - help, Shift-Dir - straight line, f/p - adder
Aim: an adder (severely wounded)
The flame tongue misses the adder.
The adder bites you.
You die...

#.#.#.#.###.#.#.#.#.....
#.#.#.#.#...#.#.#.#..###
#.###.#.#####.###.#..#
#.....#....S......#..#
#######.###########.##
#.#...#......[#
#.#.#...#######
#S#.#.### #@###.#
#.....# #######


You could see an adder.

Vanquished Creatures
  2 adders (D:2)
  A worm (D:2)
  A leopard gecko (D:2)
  A bat (D:2)
  2 giant cockroaches
  2 hobgoblins
  4 jackals
  6 frilled lizards
  2 kobolds
  A rat (D:1)
22 creatures vanquished.

Notes
Turn   | Place    | Note
-------+----------+-------------------------------------------
     0 | D:1      | Cryoshakespeare the Vampire Fire Elementalist began the
                  | quest for the Orb.
     0 | D:1      | Reached XP level 1. HP: 13/13 MP: 3/3
   569 | D:1      | Reached XP level 2. HP: 15/15 MP: 0/5
   804 | D:1      | You fall into a shaft and drop 1 floor!
  1219 | D:2      | Reached XP level 3. HP: 19/19 MP: 3/6
  1693 | D:2      | Slain by an adder

Levels and vault maps discovered:
D:1:      matt_arrival_los_fun, layout_loops_ring, evilmike_ruin_ashenzari
D:2:      mumra_celtic_spiral_tile, layout_basic, old_standard_altar,
          first_ration, minmay_misc_feat_four_crosses

Skill      XL: |  1  2 |
---------------+-------+-----
Fire Magic     | 3 |  3.7
Dodging        | |  2.1
Stealth        | |  3.0
Spellcasting   | |  2.0
Conjurations   | |  0.6

Action                   || total
-------------------------++-------
Melee: Unarmed           ||    55
       Bite              ||     7
 Cast: Flame Tongue      ||    43
 Abil: Exsanguinate      ||     1
       End Transformatio ||     1
       Bat Form          ||     1
 Stab: Distracted        ||     1
       Sleeping          ||     1
Armor: Robe              ||     8
Dodge: Dodged            ||    65
